 Dungeon Crawl Stone Soup version 0.31-a0-217-g58bb5d79cf (webtiles) character file.

Game seed: 1265347731892790072

331 qw the Shooter (level 6, -9/37 HPs)
             Began as a Gargoyle Hexslinger on July 2, 2023.
             Was an Initiate of Okawaru.
             Mangled by an ogre
             ... wielding a +0 giant club
              (14 damage)
             ... on level 4 of the Dungeon.
             The game lasted 00:01:22 (3040 turns).

qw the Shooter (Gargoyle Hexslinger)                Turns: 3040, Time: 00:01:23

Health: -9/37      AC: 14    Str: 11    XL:     6   Next: 52%
Magic:  7/7        EV: 10    Int: 14    God:    Okawaru [......]
Gold:   45         SH:  0    Dex: 14    Spells: 6/7 levels left

rFire   . . .        Y - +1 sling
rCold   + + .        (no shield)
rNeg    + . .        b - +0 ring mail
rPois   inf          n - +0 helmet
rElec   +            (no cloak)
rCorr   .            h - +0 pair of gloves
SInv    .            e - +0 pair of boots
Will    +....        (no amulet)
Stlth   +            c - ring of protection from cold
HPRegen 0.26/turn    k - ring of protection from cold
MPRegen 0.10/turn

%: no passive effects
@: about to teleport
A: sickness immunity, AC +4, negative energy resistance 1, electricity
resistance, torment resistance 1, petrification resistance, iridescent scales 1,
strong-willed 1
a: Renounce Religion


You were on level 4 of the Dungeon.
You worshipped Okawaru.
Okawaru was noncommittal.
You visited 2 branches of the dungeon, and saw 5 of its levels.

You collected 150 gold pieces.
You spent 105 gold pieces at shops.


Innate Abilities, Weirdness & Mutations

You are immune to sickness and miasma.
Your stone body is resilient. (AC +4)
You are immune to poison.
You resist negative energy. (rN+)
You are resistant to electric shocks. (rElec)
You are resistant to unholy torment.
You are immune to petrification.
You are partially covered in iridescent scales. (AC +2)
You are strong-willed. (Will+)


   Skills:
 - Level 3.1 Fighting
 + Level 5.9 Ranged Weapons
 - Level 1.1 Armour
 - Level 1.5 Dodging
 - Level 1.0 Spellcasting
 - Level 2.6 Hexes


You had 6 spell levels left.
You knew the following spells:

 Your Spells              Type           Power      Damage    Failure   Level
a - Slow                  Hex            32%        N/A       21%         1

Your spell library contained the following spells:

 Spells                   Type           Power      Damage    Failure   Level
 Inner Flame              Hex/Fire       4%         N/A       71%         3
 Portal Projectile        Hex/Tloc       8%         N/A       71%         3
 Cause Fear               Hex            4%         N/A       90%         4

Inventory:

Hand Weapons
 Y - a +1 sling (weapon)
Armour
 b - a +0 ring mail (worn)
 e - a +0 pair of boots (worn)
 h - a +0 pair of gloves (worn)
 n - a +0 helmet (worn)
Jewellery
 c - a ring of protection from cold (left hand)
 k - a ring of protection from cold (right hand)
Potions
 d - a potion of mutation
 i - 5 potions of curing
 j - a potion of degeneration {unknown}
 l - 2 potions of enlightenment
 m - a potion of resistance {unknown}
 o - a potion of ambrosia {unknown}

Dungeon Overview and Level Annotations

Branches:
Dungeon (4/15)             Temple (1/1) D:4

Altars:
Dithmenos
Elyvilon
Fedhas
Gozag
Makhleb
Nemelex Xobeh
Okawaru
Sif Muna
Trog
Uskayaw
Vehumet
Wu Jian
Yredelemnul
Zin

Shops:
D:1 *


Message History

You kill the dart slug!
Okawaru accepts your kill.
A hound comes into view.
The hound barks!
An ogre comes into view. It is wielding a +0 giant club.
The hound moves out of view.
Enter note:
Enter note:
Enter note:
Enter note: You shoot a sling bullet.
The ogre shouts!
The sling bullet hits the ogre.
The ogre is lightly wounded.
Found a ring mail.
Things that are here:
a scroll labelled YLOCZI WAUFEUNE; a dart slug corpse
Enter note:
Enter note:
Enter note:
Enter note:
Enter note:
Enter note: You shoot a sling bullet.
The sling bullet hits the hound.
The hound is moderately wounded.
The hound bites you but does no damage. The hound bites you.
You shoot a sling bullet. The sling bullet hits the hound.
The hound is moderately wounded.
The hound closely misses you. The ogre hits you with a +0 giant club!
The hound closely misses you.
You shoot a sling bullet. The sling bullet misses the hound.
The hound completely misses you.
The ogre hits you with a +0 giant club!!
Ouch! That really hurt!
The hound bites you.
3040 ||| READING scroll of teleportation.
As you read the scroll of teleportation, it crumbles to dust.
You feel strangely unstable. The hound bites you but does no damage.
The ogre hits you with a +0 giant club!
You die...

.#[..PP ####
.#.....
##...##....}..
##.............
#..............
#.............#
#.....O......#
...
#.....h@....#
...#
..#...#....##
...## ###
#.#### .....
#.# ....## #.#
......
..#####.###
....####
#.........####
.......#
#######......#
.......#
##.##.##


You could see an ogre and a hound.

Vanquished Creatures
  An orc priest (D:4)
  Jessica (D:3)
  An iguana (D:3)
  An orc wizard (D:3)
  Natasha (thrice) (D:3)
  Robin (D:3)
  5 adders
  A worm (D:2)
  4 dart slugs
  7 orcs
  4 bats
  7 endoplasms
  4 giant cockroaches
  5 hobgoblins
  3 jackals
  2 quokkas
  7 ball pythons
  5 frilled lizards
  12 goblins
  6 kobolds
  2 rats
82 creatures vanquished.

Notes
Turn   | Place    | Note
-------+----------+-------------------------------------------
     0 | D:1      | qw the Gargoyle Hexslinger began the quest for the Orb.
     0 | D:1      | Reached XP level 1. HP: 12/12 MP: 2/2
     0 | D:1      | 0 ||| qw: Version: 0.3-a-40-ge99b1a8
     0 | D:1      | 0 ||| qw: Game counter: 156
     0 | D:1      | 0 ||| qw: Melee chars always use a shield: true
     0 | D:1      | 0 ||| qw: God list: Okawaru
     0 | D:1      | 0 ||| qw: Allow faded altars: false
     0 | D:1      | 0 ||| qw: Do Orc after clearing Dungeon:15 true
     0 | D:1      | 0 ||| qw: Do second Lair branch before Depths: true
     0 | D:1      | 0 ||| qw: Lair rune preference: random
     0 | D:1      | 0 ||| qw: Goals: Normal
     0 | D:1      | 0 ||| PLANNING D:1-11
   140 | D:1      | Reached XP level 2. HP: 16/16 MP: 3/3
   155 | D:1      | HP: 1/16 [frozen (5)]
   249 | D:1      | Reached skill level 3 in Ranged Weapons
   602 | D:1      | Found Souciet's Assorted Antiques.
   613 | D:1      | 613 ||| BUYING puce potion (15 gold).
   613 | D:1      | Bought a puce potion for 15 gold pieces
   613 | D:1      | 613 ||| SHOPLISTING ring mail (68 gold, have 5).
   613 | D:1      | 613 ||| SHOPLISTING scroll labelled CIRERA HAIQ (17 gold,
                  | have 5).
   613 | D:1      | 613 ||| SHOPLISTING scroll labelled FURECH FOPAN (17 gold,
                  | have 5).
   613 | D:1      | 613 ||| SHOPLISTING scroll labelled GOEM XAYTOUKU (17 gold,
                  | have 5).
   663 | D:1      | 663 ||| UPGRADING to +0 leather armour.
   673 | D:1      | 673 ||| DROPPING +0 robe.
   674 | D:1      | 674 ||| UPGRADING to +0 pair of gloves.
   679 | D:1      | 679 ||| READING 3 scrolls labelled SOAMOMUSHE.
   684 | D:1      | 684 ||| READING scroll labelled CIRERA HAIQ.
   685 | D:1      | 685 ||| DROPPING scroll of poison.
   768 | D:2      | Reached XP level 3. HP: 21/21 MP: 4/4
  1083 | D:2      | Found a blossoming altar of Fedhas.
  1371 | D:2      | 1371 ||| UPGRADING to +0 ring mail.
  1381 | D:2      | 1381 ||| UPGRADING to +0 pair of boots.
  1386 | D:2      | 1386 ||| DROPPING +0 leather armour.
  1387 | D:2      | 1387 ||| UPGRADING to +0 helmet.
  1392 | D:2      | 1392 ||| UPGRADING to ring of protection from cold.
  1393 | D:2      | 1393 ||| UPGRADING to ring of protection from cold.
  1394 | D:2      | 1394 ||| READING scroll labelled CAYRIRCH LAEDAUCAUDD.
  1395 | D:2      | 1395 ||| READING scroll labelled FURECH FOPAN.
  1396 | D:2      | 1396 ||| DRINKING 2 silvery potions.
  1396 | D:2      | Gained mutation: You are strong-willed. (Will+) [potion of
                  | mutation]
  1396 | D:2      | Gained mutation: You are partially covered in iridescent
                  | scales. (AC +2) [potion of mutation]
  1397 | D:2      | 1397 ||| DRINKING 3 puce potions.
  1417 | D:3      | Reached XP level 4. HP: 26/26 MP: 5/5
  1444 | D:3      | Found an ornate altar of the Wu Jian Council.
  1449 | D:3      | Found an opulent altar of Gozag.
  1452 | D:3      | Found a white marble altar of Elyvilon.
  1498 | D:3      | Reached skill level 1 in Armour
  1651 | D:3      | 1651 ||| FLEEEEING.
  1665 | D:3      | Reached skill level 4 in Ranged Weapons
  1957 | D:3      | Reached XP level 5. HP: 30/30 MP: 6/6
  2042 | D:3      | Found a radiant altar of Vehumet.
  2052 | D:3      | Noticed Natasha
  2061 | D:3      | Killed Natasha
  2077 | D:3      | Noticed Natasha
  2094 | D:3      | Killed Natasha
  2095 | D:3      | Reached skill level 5 in Ranged Weapons
  2170 | D:3      | Noticed Jessica
  2181 | D:3      | Killed Jessica
  2212 | D:3      | Noticed Robin
  2225 | D:3      | 2225 ||| READING 2 scrolls of teleportation.
  2274 | D:3      | Noticed Natasha
  2285 | D:3      | Killed Natasha
  2286 | D:3      | Reached skill level 3 in Fighting
  2361 | D:3      | Reached XP level 6. HP: 37/37 MP: 7/7
  2370 | D:3      | Killed Robin
  2604 | D:3      | 2604 ||| READING scroll labelled ISOBRO APPE.
  2605 | D:3      | 2605 ||| DRINKING 3 sapphire potions.
  2681 | D:4      | 2681 ||| STAIRDANCE
  2775 | D:4      | Found Zin's Purification Station.
  2780 | D:4      | Found a glowing silver altar of Zin.
  2783 | D:4      | 2783 ||| BUYING potion of curing (90 gold).
  2783 | D:4      | Bought a potion of curing for 90 gold pieces
  2862 | D:4      | Found a staircase to the Ecumenical Temple.
  2863 | D:4      | 2863 ||| PLANNING TEMPLE
  2885 | D:4      | 2885 ||| DRINKING 2 inky potions.
  2923 | D:4      | 2923 ||| DROPPING potion of lignification.
  2932 | Temple   | Entered the Ecumenical Temple
  2933 | Temple   | 2933 ||| PLANNING OKAWARU WORSHIP
  2963 | Temple   | Became a worshipper of Warmaster Okawaru
  2964 | Temple   | 2964 ||| PLANNING D:1-11
  3039 | D:4      | HP: 8/37 [ogre/+0 giant club (19)]
  3040 | D:4      | 3040 ||| READING scroll of teleportation.
  3040 | D:4      | Mangled by an ogre

Levels and vault maps discovered:
D:1:      minmay_arrival_widening_spiral_wide, layout_basic, serial_shops,
          nicolae_square_shop
D:2:      layout_loops_ring, basic_altar, minmay_misc_feat_enclosed,
          minmay_pentomino_p4
D:3:      layout_basic, overflow_temple_1_default,
          grunt_temple_overflow_diamond, uniq_natasha, uniq_jessica, uniq_robin
D:4:      layout_rooms, zin_purify, tso_oasis_becter,
          minmay_temple_entry_slanted
Temple:   hellmonk_temple_two_chambers

Skill      XL: |  1  2  3  4  5 |
---------------+----------------+-----
Ranged Weapons | 3 4 5 |  5.9
Fighting       | 2 3 |  3.1
Armour         | 1 |  1.1
Dodging        | |  1.5
Spellcasting   | |  1.0
Hexes          | |  2.6

Action                     |  1- 3 |  4- 6 || total
---------------------------+-------+-------++-------
  Melee: Unarmed           |       |     5 ||     5
   Fire: Sling             |   128 |   214 ||   342
    Use: Scroll            |     4 |     3 ||     7
         Potion            |     2 |     2 ||     4
 Armour: Robe              |    19 |       ||    19
         Ring mail         |     7 |    94 ||   101
         Leather armour    |     6 |       ||     6
  Dodge: Dodged            |    50 |   110 ||   160

Table legend:
 A = Non-vault XP
 B = Vault XP
 C = Vault XP percentage of total XP
 D = Non-vault monster count
 E = Vault monster count
 F = Vault count percentage of total count
                 A         B        C        D         E       F
            +---------+---------+-------+---------+---------+-------
      Total |     368 |     106 |  22.4 |      68 |      14 |  17.1
            +---------+---------+-------+---------+---------+-------
        D:1 |      30 |       0 |   0.0 |      17 |       0 |   0.0
        D:2 |      43 |       5 |  10.4 |      16 |       3 |  15.8
        D:3 |     202 |     101 |  33.3 |      23 |      11 |  32.4
        D:4 |      93 |       0 |   0.0 |      12 |       0 |   0.0
            +---------+---------+-------+---------+---------+-------
